 Dungeon Crawl Stone Soup version 0.18-a0-1649-g8d9735b (webtiles) character file.

118 manon the Chopper (level 5, -3/47 HPs)
             Began as a Hill Orc Fighter on Mar 29, 2016.
             Was an Initiate of Beogh.
             Slain by an ogre
             ... wielding a +0 giant spiked club
              (18 damage)
             ... on level 4 of the Dungeon.
             The game lasted 00:16:05 (1861 turns).

manon the Chopper (Hill Orc Fighter)                Turns: 1861, Time: 00:16:06

Health: -3/47      AC:  8    Str: 20    XL:     5   Next: 2%
Magic:  5/5        EV:  7    Int:  8    God:    Beogh [......]
Gold:   54         SH:  9    Dex: 10    Spells: 0 memorised, 4 levels left

rFire  . . .     SeeInvis .     a - +0 war axe
rCold  . . .     Gourm    .     b - +0 scale mail
rNeg   . . .     Faith    .     c - +0 shield
rPois  .         Spirit   .     (no helmet)
rElec  .         Dismiss  .     j - +0 cloak
rCorr  .         Reflect  .     (no gloves)
SustAt .         Harm     .     (no boots)
MR     .....                    (no amulet)
Stlth  ..........               (no ring)
                                (no ring)

@: not resistant to hostile enchantments, extremely unstealthy
A: no striking features
a: Renounce Religion


You were on level 4 of the Dungeon.
You worshipped Beogh.
Beogh was noncommittal.
You were not hungry.

You visited 1 branch of the dungeon, and saw 4 of its levels.

You collected 54 gold pieces.

Inventory:

Hand Weapons
 a - a +0 war axe (weapon)
 s - a +0 morningstar
Missiles
 l - 16 poisoned arrows
Armour
 b - a +0 scale mail (worn)
 c - a +0 shield (worn)
 j - a +0 cloak (worn)
Scrolls
 h - a scroll of remove curse {unknown}
 i - a scroll of immolation {unknown}
 k - a scroll of recharging {unknown}
 m - 2 scrolls of magic mapping {unknown}
 o - a scroll of fog {unknown}
 q - 2 scrolls of identify {unknown}
Potions
 d - a potion of might
 e - a potion of curing {unknown}
 n - a potion of cancellation {unknown}
 p - a potion of brilliance {unknown}
 t - a potion of cure mutation {unknown}
Comestibles
 f - a bread ration
 g - 7 fruits
 r - a slice of pizza


   Skills:
 + Level 4.3 Fighting
 * Level 4.9 Axes
 + Level 3.8 Armour
 + Level 3.9 Shields


You had 4 spell levels left.
You didn't know any spells.

Dungeon Overview and Level Annotations

Branches:
Dungeon (4/15)
 Temple: D:4-7

Altars:


Message History

You hit the ogre but do no damage. You block the ogre's attack.
Your shield prevents you from hitting the ogre.
The ogre hits you with a giant spiked club!
You closely miss the ogre. You block the ogre's attack.
You barely miss the ogre.
The ogre hits you with a giant spiked club.
Your shield and scale mail prevent you from hitting the ogre.
The ogre hits you with a giant spiked club!
* * * LOW HITPOINT WARNING * * *
You are too injured to fight recklessly!
You are too injured to fight recklessly!
You are too injured to fight recklessly!
You are too injured to fight recklessly!
You are too injured to fight recklessly!
You are too injured to fight recklessly!
You are too injured to fight recklessly!
You hit the ogre.
The ogre is lightly wounded.
The ogre hits you with a giant spiked club!!
You die...

# .# #.# #.
#..#.(.
#####.....##
##...........
#....@.......
#.....O.......
#.............
#.............
#.............
#.............
#.............
##............


You could see an ogre.

Vanquished Creatures
  3 gnolls (D:3)
  5 adders
  An ooze (D:1)
  A worm (D:3)
  2 dart slugs (D:1)
  A giant gecko (D:1)
  A ball python (D:2)
  5 bats
  A giant cockroach (D:1)
  6 hobgoblins
  2 giant newts
  3 goblins
  6 kobolds
  9 rats
46 creatures vanquished.

Vanquished Creatures (others)
  Sigmund (D:3)
  A gnoll (D:3)
  2 orcs (D:3)
  A giant newt (D:3)
5 creatures vanquished.

Grand Total: 51 creatures vanquished

Notes
Turn   | Place    | Note
--------------------------------------------------------------
     0 | D:1      | manon the Hill Orc Fighter began the quest for the Orb.
     0 | D:1      | Reached XP level 1. HP: 19/19 MP: 1/1
   252 | D:1      | Reached XP level 2. HP: 27/27 MP: 2/2
   639 | D:1      | Reached XP level 3. HP: 33/33 MP: 3/3
  1305 | D:2      | Reached XP level 4. HP: 40/40 MP: 4/4
  1347 | D:3      | Became a worshipper of Beogh the Brigand
  1455 | D:3      | Noticed Sigmund
  1507 | D:3      | Killed Sigmund
  1852 | D:3      | Reached XP level 5. HP: 44/47 MP: 5/5
  1855 | D:4      | Noticed an ogre
  1861 | D:4      | Slain by an ogre

Vault maps used:
D:1:      nicolae_arrival_memento_mori
D:2:      gammafunk_temple_overflow_pools, first_bread, st_stairs_13,
          hangedman_decor_growths
D:3:      minmay_distorted, uniq_sigmund
D:4:      old_standard_altar, uniq_crazy_yiuf_cottage

Skill      XL: |  1  2  3 |
---------------+----------+-----
Axes           | 3 4 |  4.9
Fighting       | 4 |  4.3
Armour         | |  3.8
Shields        | |  3.9

Action                   |  1- 3 |  4- 6 || total
-------------------------+-------+-------++-------
Melee: War axe           |   124 |    60 ||   184
Invok: Convert to Beogh  |       |     1 ||     1
  Eat: Chunk             |     1 |     2 ||     3
